 Dungeon Crawl Stone Soup version 0.28.0-45-g0d030f2227 (webtiles) character file.

Game seed: 9764222923311860479

3579 Fartwhistle the Skirmisher (level 10, -6/112 HPs)
             Began as a Naga Transmuter on Apr 16, 2022.
             Was an Elder of Cheibriados.
             Killed from afar by an electric eel (9 damage)
             ... with a bolt of electricity
             ... on level 7 of the Dungeon.
             The game lasted 00:44:29 (10850 turns).

Fartwhistle the Skirmisher (Naga Transmuter)       Turns: 10850, Time: 00:44:30

Health: -6/112     AC:  8    Str: 21    XL:     10   Next: 10%
Magic:  3/16       EV: 15    Int: 28    God:    Cheibriados [****..]
Gold:   386        SH:  0    Dex: 20    Spells: 4/17 levels left

rFire   x . .      SeeInvis +     - Unarmed
rCold   + + +      Faith    .   (shield currently unavailable)
rNeg    . . .      Spirit   .   (armour currently unavailable)
rPois   +          Reflect  .   (helmet currently unavailable)
rElec   .          Harm     .   (cloak currently unavailable)
rCorr   .          Rampage  .   (gloves currently unavailable)
Will    +....                   (no barding)
Stlth   ++........              (no amulet)
HPRegen 0.28/turn               x - +4 ring of evasion
MPRegen 0.15/turn               q - ring of protection from cold

@: short of breath, ice-form, very slow
A: freezing attack, amphibious, boosted hp, AC +3, large, see invisible,
(deformed body), (poison resistance), (slowness 2), spit poison 1, (naga tail 1)
a: Spit Poison, End Transformation, Renounce Religion, Bend Time, Temporal
Distortion, Slouch


You were on level 7 of the Dungeon.
You worshipped Cheibriados.
Cheibriados was greatly pleased with you.
You were a creature of crystalline ice.
You visited 2 branches of the dungeon, and saw 8 of its levels.

You collected 386 gold pieces.

Inventory:

Armour
 a - a +0 robe
 b - a +1 chain mail of cold resistance
 f - a +0 leather armour of cold resistance (melded)
 g - a +1 pair of gloves (melded)
 p - a +0 robe of the Archmagi
Jewellery
 q - a ring of protection from cold (right front paw)
 x - a +4 ring of evasion (left front paw)
 C - a ring of magical power
Wands
 k - a wand of iceblast (8)
 n - a wand of polymorph (16)
Scrolls
 c - a scroll of summoning
 e - 4 scrolls of teleportation
 i - 3 scrolls of amnesia
 j - a scroll of noise
 l - a scroll of fear {unknown}
 o - 2 scrolls of vulnerability {unknown}
 u - a scroll of blinking {unknown}
 y - a scroll of brand weapon {unknown}
 z - 2 scrolls of enchant weapon {unknown}
 A - a scroll of magic mapping {unknown}
 D - a scroll of identify
Potions
 d - a potion of invisibility
 h - 2 potions of brilliance {unknown}
 m - a potion of attraction {unknown}
 r - 2 potions of flight {unknown}
 t - a potion of berserk rage {unknown}
 v - 2 potions of lignification {unknown}
 B - a potion of cancellation {unknown}


   Skills:
 * Level 7.6 Fighting
 - Level 1.3 Armour
 + Level 3.6 Dodging
 * Level 6.2 Unarmed Combat
 - Level 4.1 Spellcasting
 - Level 1.0 Conjurations
 - Level 7.1 Transmutations
 - Level 2.0 Ice Magic
 - Level 2.2 Air Magic
 - Level 5.0 Poison Magic


You had 4 spell levels left.
You knew the following spells:

 Your Spells              Type           Power      Damage    Failure   Level
a - Beastly Appendage     Tmut           90%        N/A       1%          1
b - Spider Form           Tmut/Pois      39%        N/A       1%          3
c - Mephitic Cloud        Conj/Pois/Air  21%        N/A       7%          3
d - Wereblood             Tmut           45%        N/A       1%          2
e - Ice Form              Ice/Tmut       31%        N/A       11%         4

Your spell library contained the following spells:

 Spells                   Type           Power      Damage    Failure   Level
 Ignite Poison            Fire/Tmut/Pois 28%        N/A       4%          3
 Apportation              Tloc           10%        N/A       8%          1
 Alistair's Intoxication  Tmut/Pois      26%        N/A       17%         5
 Freezing Cloud           Conj/Ice/Air   7%         6-21      69%         5


Dungeon Overview and Level Annotations

Branches:
Dungeon (7/15)             Temple (1/1) D:4

Altars:
Ashenzari
Cheibriados
Dithmenos
Elyvilon
Fedhas
Gozag
Hepliaklqana
Kikubaaqudgha
Makhleb
Nemelex Xobeh
Okawaru
Qazlal
Ru
Sif Muna
Trog
Uskayaw
Wu Jian
Xom
Yredelemnul
Zin
The Shining One

Shops:
D:6 (

Annotations:
D:5 1 runed translucent door, Discosetron's ghost, amateur DjCj


Innate Abilities, Weirdness & Mutations

You are a creature of crystalline ice.
You have a powerful freezing melee attack.
You are amphibious.
Your maximum health is increased.
Your armour is entirely melded.
You are incapable of wielding weapons or throwing items.
((Your serpentine skin is tough. (AC +3)))
You have supernaturally acute eyesight. (SInv)
((Armour fits poorly on your strangely shaped body.))
((Your system is resistant to poisons. (rPois)))
((You cover ground very slowly.))
You can spit poison.
((You have a snake-like lower body.))


Message History

The centaur misses you.
You hit the centaur but do no damage.
The centaur is moderately wounded.
The centaur chortles and stares into space.
The centaur completely misses you. The centaur kicks you.
* * * LOW HITPOINT WARNING * * *
You hit the centaur but do no damage.
The centaur is moderately wounded.
You have got your breath back.
The centaur hits itself.
The centaur kicks itself.
The centaur hits you but does no damage.
The centaur misses you.
You strike the helpless centaur from behind!
You hit the centaur but do no damage.
The centaur is heavily wounded.
Aiming: Spit Poison (1% risk of failure)
Press: ? - help, Shift-Dir - straight line, f/p - centaur
Aim: a centaur, quivering arrows (heavily wounded, confused, poisoned, 97% to hit)
The splash of poison hits the centaur.
The centaur is severely wounded.
The centaur looks more healthy.
You hit the centaur but do no damage.
The centaur is severely wounded.
The centaur hits you.
* * * LOW HITPOINT WARNING * * *
The centaur closely misses you.
Casting: Mephitic Cloud (mildly dangerous; 7% risk of failure)
Confirm with . or Enter, or press ? or * to list all spells.
You don't have enough magic to cast this spell.
The centaur shouts, "What's happening?!"
The centaur closely misses you.
The centaur kicks you but does no damage.
The electric eel shoots out a bolt of lightning at you!
The bolt of electricity hits you!
* * * LOW HITPOINT WARNING * * *
The centaur hits itself but does no damage.
The centaur kicks itself but does no damage.
The electric eel shoots out a bolt of lightning at you!
The bolt of electricity hits you!
You die...

##.....# ##### #......# ....#
##.###### #.#.# #..# #.#.# #.##
### #.#.##### #)# ###♣PP
..#.....# #)# #≈≈≈≈♣
#.#####(##########.# #♣≈≈≈≈≈ ..#
#........cY..######♣♣≈≈≈≈≈≈
..################...)))♣♣P≈≈≈≈≈≈
......<.# ######S≈≈≈≈≈≈≈≈≈
........######## #♣≈≈≈≈≈≈≈≈≈
...............## ♣♣≈≈≈≈P≈≈≈
.............(..### ♣≈≈≈≈≈≈≈≈
#######............ #≈♣≈≈≈♣≈≈
#...†††....## #.♣≈♣≈≈≈≈
#...........♣ #...♣≈♣♣≈


You could see a centaur (confused) and an electric eel.

Vanquished Creatures
  Prince Ribbit (D:7)
  Sigmund (D:6)
  3 water moccasins (D:5)
  A black bear (D:7)
  An ice beast (D:7)
  2 ogres
  3 necrophages
  2 sky beasts
  2 kobold brigands
  Blork the orc (D:4)
  2 scorpions
  A water moccasin zombie (D:5)
  5 wights
  3 centaur zombies (D:5)
  4 electric eels (D:7)
  A howler monkey (D:6)
  3 jellies
  A human zombie (D:5)
  A bullfrog zombie (D:5)
  A gnoll shaman (D:7)
  6 orc priests
  2 bullfrog skeletons
  4 hounds
  5 iguanas
  2 centaur skeletons (D:6)
  Terence (D:2)
  8 orc wizards
  A killer bee zombie (D:5)
  A hound zombie (D:5)
  2 mummies (D:5)
  7 gnolls
  4 adders
  2 ufetubi
  An adder zombie (D:5)
  A worm (D:2)
  4 dart slugs
  21 orcs
  13 endoplasms
  A giant cockroach (D:6)
  6 goblins
  7 hobgoblins
  14 kobolds
  9 quokkas
  9 ball pythons
  5 bats
  2 frilled lizards
  8 rats
185 creatures vanquished.

Vanquished Creatures (others)
  62 plants (D:7)
62 creatures vanquished.

Grand Total: 247 creatures vanquished

Notes
Turn   | Place    | Note
-------+----------+-------------------------------------------
     0 | D:1      | Fartwhistle the Naga Transmuter began the quest for the
                  | Orb.
     0 | D:1      | Reached XP level 1. HP: 18/18 MP: 3/3
   231 | D:1      | Reached XP level 2. HP: 20/25 MP: 3/5
   477 | D:1      | Found a faded altar of an unknown god.
  1075 | D:1      | Reached XP level 3. HP: 30/31 MP: 4/6
  1079 | D:1      | Learned a level 3 spell: Spider Form
  1903 | D:2      | Reached XP level 4. HP: 38/38 MP: 5/7
  1921 | D:2      | Found a burning altar of Makhleb.
  1942 | D:2      | Reached skill level 1 in Poison Magic
  2529 | D:2      | Noticed Terence
  2548 | D:2      | Killed Terence
  2549 | D:2      | Reached skill level 1 in Armour
  2946 | D:3      | Found a shadowy altar of Dithmenos.
  3041 | D:3      | Reached XP level 5. HP: 44/44 MP: 6/8
  3931 | D:3      | Reached XP level 6. HP: 35/52 MP: 6/10
  4272 | D:3      | Learned a level 3 spell: Mephitic Cloud
  4597 | D:4      | Found a staircase to the Ecumenical Temple.
  4688 | D:4      | Noticed Blork the orc
  4691 | Temple   | Entered the Ecumenical Temple
  4696 | Temple   | Reached skill level 1 in Air Magic
  4838 | Temple   | Became a worshipper of Cheibriados the Contemplative
  4942 | D:4      | Killed Blork the orc
  5028 | D:4      | Reached XP level 7. HP: 62/62 MP: 7/11
  5559 | D:4      | Found a sacrificial altar of Ru.
  5572 | D:4      | Found a blossoming altar of Fedhas.
  5636 | D:5      | Entered Level 5 of the Dungeon
  5824 | D:5      | Learned a level 2 spell: Wereblood
  5958 | D:5      | Reached skill level 5 in Poison Magic
  6195 | D:5      | Reached * piety under Cheibriados
  6201 | D:5      | Reached skill level 1 in Conjurations
  6201 | D:5      | Reached XP level 8. HP: 33/72 MP: 10/13
  6932 | D:5      | Reached skill level 5 in Transmutations
  7054 | D:5      | Learned a level 4 spell: Ice Form
  7300 | D:5      | Found a runed translucent door.
  7300 | D:5      | Noticed Discosetron's ghost (amateur DjCj)
  7417 | D:5      | Reached skill level 5 in Fighting
  7417 | D:5      | Reached skill level 1 in Ice Magic
  7789 | D:5      | Found an ancient bone altar of Kikubaaqudgha.
  7863 | D:5      | Reached ** piety under Cheibriados
  7864 | D:5      | Reached XP level 9. HP: 60/81 MP: 15/15
  8301 | D:6      | Noticed Sigmund
  8312 | D:6      | Killed Sigmund
  9316 | D:6      | Reached *** piety under Cheibriados
  9461 | D:6      | Found Hisuvoc's Weapon Shop.
  9601 | D:7      | Reached skill level 5 in Unarmed Combat
  9603 | D:7      | Noticed Prince Ribbit
  9737 | D:7      | Killed Prince Ribbit
  9957 | D:7      | Reached XP level 10. HP: 41/94 MP: 12/16
 10832 | D:7      | Reached **** piety under Cheibriados
 10850 | D:7      | HP: 3/112 [electric eel/bolt of electricity (13)]
 10850 | D:7      | Killed from afar by an electric eel

Illustrated notes

Levels and vault maps discovered:
D:1:      lightli_arrival_boilingwater, layout_basic,
          hellmonk_ecumenical_altar_zigzags, minmay_heptomino_o4
D:2:      layout_loops_ring, basic_altar, uniq_terence
D:3:      layout_loops_ring, nicolae_dithmenos_through_a_glass_darkly
D:4:      layout_cave_pools, amethyst_overflow_temple_binary,
          minmay_temple_entry_tees, uniq_blork_the_orc
D:5:      layout_loops_corners, lemuel_mausoleum_altar_kikubaaqudgha,
          hellmonk_ghost_happy_afterlife
D:6:      layout_rooms, serial_shops, nicolae_shop_behind_doors,
          portal_sewer_entry_f, hangedman_abyss_or_decor_stabs, uniq_sigmund
D:7:      layout_rooms, serial_bayou, serial_bayou_pond_a,
          serial_bayou_lagoon_a, serial_bayou_pond_e, serial_bayou_lake_a,
          serial_bayou_shore_a, serial_bayou_shore_b, minmay_misc_feat_encased,
          uniq_prince_ribbit1
Temple:   mainiacjoe_temple_coin_purse

Skill      XL: |  1  2  3  4  5  6  7  8  9 10 |
---------------+-------------------------------+-----
Transmutations | 3 4 6 7 |  7.1
Poison Magic   | 2 3 4 5 |  5.0
Armour         | 1 |  1.3
Fighting       | 2 3 5 7 |  7.6
Air Magic      | 1 2 |  2.2
Spellcasting   | 3 4 |  4.1
Conjurations   | 1 |  1.0
Dodging        | 2 3 |  3.6
Ice Magic      | 2 |  2.0
Unarmed Combat | 5 6 |  6.2

Action                   |  1- 3 |  4- 6 |  7- 9 | 10-12 || total
-------------------------+-------+-------+-------+-------++-------
Melee: Unarmed           |    53 |   129 |   400 |    38 ||   620
       Punch             |     2 |     2 |     5 |     2 ||    11
       Headbutt          |     3 |     5 |    25 |     6 ||    39
 Cast: Beastly Appendage |    18 |    10 |    11 |     4 ||    43
       Spider Form       |       |    14 |    18 |       ||    32
       Mephitic Cloud    |       |     2 |    12 |     5 ||    19
       Wereblood         |       |       |     6 |     4 ||    10
       Ice Form          |       |       |     9 |     2 ||    11
 Abil: Spit Poison       |    33 |    33 |    11 |     3 ||    80
Evoke: Wand              |       |       |       |     2 ||     2
  Use: Potion            |       |     1 |       |     2 ||     3
       Scroll            |       |       |     7 |       ||     7
 Stab: Confused          |       |       |    11 |     1 ||    12
Armor: Robe              |     8 |       |       |       ||     8
       Leather armour    |       |    14 |    75 |     7 ||    96
       Skin              |       |     3 |    25 |     3 ||    31
Dodge: Dodged            |    18 |    71 |   312 |    29 ||   430
